 Dungeon Crawl Stone Soup version 0.32-a0-791-gfc315c9ecd (webtiles) character file.

Game seed: 1436753315313220445

262 GeoRichter the Firebug (level 5, 0/38 HPs)
             Began as a Mountain Dwarf Fire Elementalist on Mar 20, 2024.
             Slain by a scorpion (6 damage)
             ... in an ossuary.
             The game lasted 00:06:21 (3755 turns).

GeoRichter the Firebug (MDFE)                       Turns: 3755, Time: 00:06:21

Health: 0/38       AC:  6    Str: 11    XL:     5   Next: 97%
Magic:  1/8        EV:  9    Int: 17    God:
Gold:   3          SH:  0    Dex: 10    Spells: 6/9 levels left

rFire   + . .        n - +0 spear (pain)
rCold   x . .        (no shield)
rNeg    . . .        q - +0 ring mail
rPois   .            (no helmet)
rElec   .            (no cloak)
rCorr   .            (no gloves)
SInv    .            e - +0 pair of boots
Will    .....        f - amulet of the acrobat
Stlth   +            r - ring of fire
HPRegen 0.26/turn    (no ring)
MPRegen 0.11/turn

%: acrobat
@: lethally poisoned (0 -> -17), very slightly contaminated
A: runic magic, artefact enchanting
a: no special abilities


You were in an ossuary.
You visited 1 branch of the dungeon, and saw 4 of its levels.
You also visited: Ossuary.

You collected 146 gold pieces.
You spent 143 gold pieces at shops.

Inventory:

Hand Weapons
 n - a +0 spear of pain (weapon)
   (You found it on level 2 of the Dungeon)
Missiles
 i - 3 darts of dispersal {!f}
 o - 6 curare-tipped darts {!f}
Armour
 e - a +0 pair of boots (worn)
   (You found it on level 2 of the Dungeon)
 q - a +0 ring mail (worn)
   (You took it off a goblin on level 2 of the Dungeon)
Jewellery
 f - an amulet of the acrobat (around neck)
   (You found it on level 1 of the Dungeon)
 r - a ring of fire (left hand)
   (You found it on level 3 of the Dungeon)
Scrolls
 a - a scroll of silence {unknown}
 c - a scroll of acquirement {unknown}
 h - a scroll of revelation
 j - a scroll of poison {unknown}
 m - a scroll of identify {unknown}
 p - a scroll of blinking {unknown}
Potions
 d - 3 potions of heal wounds {@q2}
 g - 4 potions of curing {@q1}
 k - 2 potions of enlightenment {unknown}
 l - a potion of degeneration {unknown}
 s - a potion of attraction {unknown}


   Skills:
 + Level 1.4 Armour
 - Level 1.3 Dodging
 - Level 1.4 Stealth
 * Level 2.6 Spellcasting
 + Level 1.6 Conjurations
 - Level 7.0 Fire Magic


You had 6 spell levels left.
You knew the following spells:

 Your Spells              Type           Power      Damage    Failure   Level
a - Foxfire               Conj/Fire      100%       2x1d9     3%          1
b - Scorch                Fire           78%        2d8       1%          2

Your spell library contained the following spells:

 Spells                   Type           Power      Damage    Failure   Level
 Magic Dart               Conj           28%        1d4       12%         1
 Inner Flame              Hex/Fire       21%        N/A       16%         3
 Volatile Blastmotes      Fire/Tloc      42%        2d13      16%         3
 Blink                    Tloc           4%         N/A       34%         2
 Call Imp                 Summ           4%         N/A       34%         2
 Flame Wave               Conj/Fire      25%        2d8       36%         4


Dungeon Overview and Level Annotations

Branches:
Dungeon (4/15) Zot: 20465 Ossuary (1/1) Zot: 5769
 Temple: D:4-7

Altars:

Shops:
D:1 !


Innate Abilities, Weirdness & Mutations

Your spellcasting is much less encumbered by armour.
You can use scrolls of enchantment on lesser artefacts.


Message History

You destroy the scorpion zombie!
Magic courses through your body. The scorpion stings you.
The scorpion stings you but does no damage.
Casting: Scorch (safe; 1% risk of failure)
Confirm with . or Enter, or press ? or * to list all spells.
You feel a surge of power!
Flames lash the jackal zombie.
You destroy the jackal zombie!
The scorpion stings you.
Casting: Scorch (safe; 1% risk of failure)
Confirm with . or Enter, or press ? or * to list all spells.
You feel a surge of power!
Flames lash the orc zombie.
You destroy the orc zombie!
The scorpion stings you.
Casting: Scorch (safe; 1% risk of failure)
Confirm with . or Enter, or press ? or * to list all spells.
You feel a surge of power!
You miscast Scorch.
You are very lightly contaminated with residual magic.
Nothing appears to happen.
The scorpion stings you.
You are poisoned.
The scorpion poisons you!
Casting: Scorch (safe; 1% risk of failure)
Confirm with . or Enter, or press ? or * to list all spells.
You feel a surge of power!
Flames lash the scorpion.
The scorpion is severely wounded.
The scorpion's fire resistance burns away.
You feel sick.
The scorpion stings you but does no damage.
You barely miss the scorpion.
The scorpion is severely wounded.
You feel sick. The scorpion stings you.
You are more poisoned.
The scorpion poisons you!
The scorpion stings you but does no damage.
You completely miss the scorpion.
The scorpion is severely wounded.
You feel very sick. The scorpion misses you.
You hit the scorpion but do no damage.
The scorpion is severely wounded.
You feel very sick.
The scorpion stings you but does no damage.
Unknown command.
You barely miss the scorpion.
The scorpion is severely wounded.
You feel very sick. The scorpion stings you.
* * * LOW HITPOINT WARNING * * *
You are more poisoned.
The scorpion poisons you! The scorpion stings you.
You die...

#...#...#!??# .......
#...ß...#..?###ß.....ß
#.......#?!!#.........
##ß...ß######.........
#.......#...#.....ß...
#...ß...#...'.....#...
#...#...#...#.....# .
##'#######s########
#...#...#@..#
#...'...ß...#
#...#.......#
######ß...ß##
#.?M#.......#
#?.!#...ß...#
#?.?#...#...#
##+##########


You could see a scorpion (combustible).

Vanquished Creatures
  A scorpion (Ossuary)
  An orc priest (D:3)
  A jelly (D:4)
  2 scorpion zombies (Ossuary)
  2 adders (D:3)
  A ribbon worm (D:3)
  3 dart slugs
  6 orcs
  3 bats
  4 endoplasms
  2 giant cockroaches (D:2)
  5 goblins
  6 hobgoblins
  6 jackals
  2 quokkas (D:2)
  5 ball pythons
  A ball python zombie (Ossuary)
  3 frilled lizards
  A jackal zombie (Ossuary)
  4 kobolds
  4 orc zombies (Ossuary)
  5 rats
68 creatures vanquished.

Vanquished Creatures (others)
  59 foxfires
59 creatures vanquished.

Grand Total: 127 creatures vanquished

Notes
Turn   | Place    | Note
-------+----------+-------------------------------------------
     0 | D:1      | GeoRichter the Mountain Dwarf Fire Elementalist began the
                  | quest for the Orb.
     0 | D:1      | Reached XP level 1. HP: 14/14 MP: 3/3
   188 | D:1      | Reached skill level 4 in Fire Magic
   326 | D:1      | Reached XP level 2. HP: 20/20 MP: 2/4
  1023 | D:1      | Found Buelaqaqu's Distillery.
  1030 | D:1      | Learned a level 2 spell: Scorch
  1397 | D:2      | Reached skill level 5 in Fire Magic
  1490 | D:2      | Reached XP level 3. HP: 26/26 MP: 0/5
  1846 | D:1      | Bought 2 potions of curing for 78 gold pieces
  2659 | D:3      | Reached skill level 6 in Fire Magic
  2659 | D:3      | Reached XP level 4. HP: 33/33 MP: 3/6
  3425 | D:1      | Bought a potion of heal wounds for 65 gold pieces
  3456 | D:4      | Reached skill level 7 in Fire Magic
  3456 | D:4      | Reached skill level 1 in Conjurations
  3456 | D:4      | Reached XP level 5. HP: 38/38 MP: 2/7
  3489 | D:4      | Found a sand-covered staircase.
  3526 | Ossuary  | Entered an ossuary
  3650 | Ossuary  | Reached skill level 1 in Armour
  3755 | Ossuary  | Slain by a scorpion

Illustrated notes

Levels and vault maps discovered:
D:1:      nagdon_arrival_zigzag_paths, layout_basic, serial_curves,
          eino_curves_01, eino_curves_01, serial_shops, shop,
          serial_bayou_pond_a
D:2:      layout_basic, hangedman_abyss_or_decor_stabs, corexii_shack
D:3:      layout_loops_ring
D:4:      layout_basic, general_overflow_altar, nicolae_ossuary_entry_monument
Ossuary:  ossuary_minmay_scorpions

Skill      XL: |  1  2  3  4  5 |
---------------+----------------+-----
Fire Magic     | 4 5 6 7 |  7.0
Conjurations   | 1 |  1.6
Spellcasting   | 2 |  2.6
Armour         | 1 |  1.4
Dodging        | |  1.3
Stealth        | |  1.4

Action                     |  1- 3 |  4- 6 || total
---------------------------+-------+-------++-------
  Melee: Short sword       |    42 |       ||    42
         Spear             |    20 |    27 ||    47
   Cast: Foxfire           |    20 |    14 ||    34
         Scorch            |    32 |    26 ||    58
    Use: Scroll            |     1 |       ||     1
         Potion            |       |     1 ||     1
 Armour: Robe              |    31 |       ||    31
         Ring mail         |     6 |    26 ||    32
  Dodge: Dodged            |    52 |    19 ||    71

Table legend: (Time is in decaauts)
 A = Elapsed time spent in this place.
 B = Non-inter-level travel time spent in this place.
 C = Inter-level travel time spent in this place.
 D = Time resting spent in this place.
 E = Time spent auto-exploring this place.
 F = Levels seen in this place.
 G = Mean time per level.
                   A        B        C        D        E       F      G
               +--------+--------+--------+--------+--------+-----+--------+
         Total |   3764 |   3543 |    221 |     89 |   2841 |   5 |  752.8 |
       Dungeon |   3534 |   3313 |    221 |     89 |   2675 |   4 |  883.5 |
       Ossuary |    229 |    229 |      0 |      0 |    166 |   1 |  229.0 |
               +--------+--------+--------+--------+--------+-----+--------+

Top non-repeatable levels by time:
     D:2: 1220 daAuts
     D:1: 1185 daAuts
     D:3: 1053 daAuts
 Ossuary: 229 daAuts
     D:4: 74 daAuts
